Cogmind - Beta 16 @@@ ROGUE MODE // 2025.11.01 @ 23:54:56 Player: CheifClapdad Result: Destroyed by S-10 Pest with Light Assault Rifle Performance ------------- Evolutions (0) 0 Regions Visited (3) 600 Robots Destroyed (13) 65 Value Destroyed (292) 292 Prototype IDs (0) 0 Alien Tech Used (0) 0 Bonus (0) 0 TOTAL SCORE: 957 Bonus ------- None Cogmind --------- Core Integrity 0/250 Matter 300/300 Energy 99/100 System Corruption 2% Temperature Cool (0) Movement Core (50) Location -10/Subcaves Parts ------- > --- POWER (1) -------- (None) > --- PROPULSION (2) --- (None) > --- UTILITY (2) ------ (None) > --- WEAPON (2) ------- (None) > --- INVENTORY (5) ---- Ion Engine Wheel Compact Wheel Small Storage Unit Small Matter Pod (50) Peak State ------------ > --- POWER ------------ Ion Engine > --- PROPULSION ------- Light Treads Wheel > --- UTILITY ---------- Large Storage Unit Tractor Beam > --- WEAPON ----------- EM Pulse Gun Light Assault Rifle > --- INVENTORY -------- Ion Engine Light Treads Wheel Wheel Compact Wheel Compact Wheel Compact Wheel Small Storage Unit Small Matter Pod Light Assault Rifle [Rating: 8] Favorites ----------- Power Ion Engine Engine Ion Engine Propulsion Light Treads Treads Light Treads Wheel Wheel Utility Large Storage Unit Device Tractor Beam Storage Large Storage Unit Weapon Light Assault Rifle Energy Gun EM Pulse Gun Ballistic Gun Light Assault Rifle Slashing Weapon Mining Claw Build | -11 -10 -10 -10 ------- Run | Yrd Mat Min Sub Slots Evolved . | . . . . Power . | . . . . Propulsion . | . . . . Utility . | . . . . Weapon . | . . . . Parts Attached 13 | 6 2 5 . Power 1 | 1 . . . Engine 1 | 1 . . . Core . | . . . . Reactor . | . . . . Propulsion 5 | 2 . 3 . Treads 2 | 1 . 1 . Leg . | . . . . Wheel 3 | 1 . 2 . Hover . | . . . . Flight . | . . . . Utility 3 | 1 2 . . Device 1 | . 1 . . Storage 2 | 1 1 . . Processor . | . . . . Hackware . | . . . . Protection . | . . . . Artifact . | . . . . Weapon 4 | 2 . 2 . Energy Gun 1 | 1 . . . Energy Cannon . | . . . . Ballistic Gun 2 | 1 . 1 . Ballistic Cannon . | . . . . Launcher . | . . . . Special Weapon . | . . . . Impact Weapon . | . . . . Slashing Weapon 1 | . . 1 . Piercing Weapon . | . . . . Special Melee Weapon . | . . . . Unidentified Prototypes . | . . . . Parts Lost 6 | . 5 . 1 Power 1 | . . . 1 Propulsion 2 | . 2 . . Utility 1 | . 1 . . Weapon 2 | . 2 . . Highest Loss Streak 5 | . 5 . 1 To Critical Strikes . | . . . . Average Backups 7 | 3 8 7 6 Power . | . 1 1 1 Propulsion 4 | 1 5 4 3 Utility 1 | . . 2 2 Weapon . | . 1 . . Tool/Special . | . . . . Unused Backups 5 | . . . 5 Power 1 | . . . 1 Propulsion 3 | . . . 3 Utility 1 | . . . 1 Weapon . | . . . . Tool/Special . | . . . . Average Slot Usage (%) 76 | . 95 73 69 Engine 13 | . 14 14 10 Treads 13 | . 14 13 11 Wheel 13 | . 12 14 11 Device 1 | . 11 . . Storage 13 | . 14 14 11 Energy Gun 2 | . 13 . . Ballistic Gun 13 | . 14 13 11 Slashing Weapon 3 | . . 2 11 Peak Build Rating 8 | 6 8 6 6 Average Rating 5 | 5 7 5 4 On Entrance 3 | . 6 3 6 Avg Prop Armor Cover (%) 7 | 5 12 6 6 Naked Turns 84 | . . . 84 Heaviest Build 29 | 13 29 28 28 Greatest Support 20 | 20 10 20 20 Greatest Overweight (x) 9 | . 9 1 1 Average Overweight (x) . | . 1 1 . Largest Inventory Capacity 15 | 8 15 15 15 Average Capacity 13 | 7 10 15 13 Most Carried 11 | 7 11 10 7 Average Carried 7 | 3 8 7 6 Final Capacity 15 | 8 15 15 5 Final Carried 11 | 7 11 7 5 Class Distribution -------------------- 100% | Mutant Dominant Class ---------------- Mutant | -10/Materials Mutant | -10/Mines Mutant | -10/Subcaves Resources | -11 -10 -10 -10 ----------- Run | Yrd Mat Min Sub Matter Collected 461 | 259 104 83 15 Remotely 104 | . 104 . . Salvage Created 546 | 79 370 97 . Parts 25 | 5 16 4 . Haulers Intercepted 1 | . 1 . . Recyclers Shooed 1 | . 1 . . Parts Field Recycled . | . . . . Retrieved Matter . | . . . . Parts Self-Destructed 3 | . . . 3 Prevented . | . . . . Parts Restored . | . . . . Kills | -11 -10 -10 -10 ------- Run | Yrd Mat Min Sub Combat Hostiles Destroyed 6 | . 4 2 . Melee 1 | . . 1 . Guns 5 | . 4 1 . Classes Destroyed 6 | 2 4 . . Worker 2 | 1 1 . . Tunneler 1 | . 1 . . Hauler 1 | . 1 . . Recycler 2 | 1 1 . . Watcher 1 | . 1 . . Grunt 6 | . 4 2 . Best Kill Streak 3 | 1 3 1 . Combat Bots Only 2 | . 2 1 . Max Kills in Single Turn 1 | 1 1 1 . Gunslinging . | . . . . Exploded . | . . . . Melee 1 | . . 1 . Uniques/NPCs Destroyed . | . . . . Combat | -11 -10 -10 -10 -------- Run | Yrd Mat Min Sub Hostile Shots Fired 107 | . 66 19 22 Missed 34 | . 21 4 9 Hits 73 | . 45 15 13 Projectile 73 | . 45 15 13 Critical Strikes 1 | . . . 1 Damage Taken 953 | . 529 213 211 Core 252 | . 103 51 98 Absorbed by Shields . | . . . . Core Remaining (%) 100 | 100 . . . Volleys Fired 56 | 4 34 18 . Largest 2 | 2 2 1 . Hottest 60 | 60 60 20 . Shots Fired 95 | 8 68 19 . Gun 95 | 8 68 19 . Cannon . | . . . . Launcher . | . . . . Special . | . . . . Kinetic 57 | 4 34 19 . Thermal . | . . . . Explosive . | . . . . Electromagnetic 38 | 4 34 . . Robot Hit Streak 9 | 3 9 5 . Robot Miss Streak 4 | 3 4 2 . Penetration Max . | . . . . Secondary Targets 2 | . 2 . . Max Gunslinging Chain 1 | . 1 . . Shots Hit Robots 59 | 4 39 16 . Core Hits 28 | 3 20 5 . Critical Kills . | . . . . Critical Parts Destroyed . | . . . . Critical Strikes . | . . . . Melee Attacks 6 | . . 5 1 Impact . | . . . . Slashing 6 | . . 5 1 Piercing . | . . . . Sneak Attacks . | . . . . Combat Hostiles . | . . . . Follow-up Attacks . | . . . . Damage Inflicted 822 | 42 597 183 . Guns 578 | 41 448 89 . Cannons . | . . . . Explosions 149 | . 149 . . Melee 94 | . . 94 . Ramming 1 | 1 . . . Kinetic 278 | 29 160 89 . Thermal 149 | . 149 . . Explosive . | . . . . Electromagnetic 300 | 12 288 . . Impact . | . . . . Slashing 94 | . . 94 . Piercing . | . . . . Highest Corruption 2 | . 2 2 2 Average Corruption 2 | . 2 2 2 Corruption Purged . | . . . . Corruption Blocked . | . . . . Effects 25 | . . 23 2 Message Errors 9 | . . 8 1 Matter Fused 4 | . . 3 1 Heat Flow Errors 1 | . . 1 . Energy Discharges 3 | . . 3 . Data Loss (minor) 3 | . . 3 . Data Loss (major) 3 | . . 3 . Misfires 1 | . . 1 . Alerts 1 | . . 1 . Overload Shots . | . . . . Overflow Damage . | . . . . Projectiles . | . . . . Explosions . | . . . . Melee . | . . . . Knockbacks . | . . . . Impact . | . . . . Kinetic . | . . . . Secondary . | . . . . Self-Inflicted Damage . | . . . . Shots . | . . . . Rammed 1 | 1 . . . Targets Rammed 1 | 1 . . . Kicked . | . . . . Crushed . | . . . . Highest Temperature 163 | 20 158 163 . Average Temperature 59 | 15 63 57 . Received Heat Transfer 423 | . 294 120 9 Siege Activations . | . . . . Martial Activations . | . . . . Shielding Activations . | . . . . Robots Disrupted . | . . . . Combat Hostiles . | . . . . Robots Corrupted . | . . . . Combat Hostiles . | . . . . Parts Fried 1 | . 1 . . Impact Corruptions . | . . . . Robots Melted . | . . . . Combat Hostiles . | . . . . Parts Melted . | . . . . Heat Transferred 100 | . 100 . . Parts Sabotaged . | . . . . Parts Stolen . | . . . . Parts Stripped . | . . . . Power Chain Reactions 2 | . 2 . . Alert | -11 -10 -10 -10 ------- Run | Yrd Mat Min Sub Maximum Alert Level . | . . . . Low Security (%) 100 | 100 100 100 . Level 1 . | . . . . Level 2 . | . . . . Level 3 . | . . . . Level 4 . | . . . . Level 5 . | . . . . High Security . | . . . . Max Security . | . . . . Peak Influence 54 | 5 54 53 . Initial . | . . . . Average 8 | . 22 5 . Influence Increases 265 | 10 190 65 . Destroy 0b10 Robot/C 120 | . 80 40 . Destroy 0b10 Robot/NC 35 | 10 25 . . Destroy Leader 34 | . 24 10 . Successful Hack 8 | . 8 . . Select Force Hacks 30 | . 30 . . Disable Machine 15 | . 15 . . Destroy Structure 8 | . 8 . . Lose Combat Pursuer 15 | . . 15 . Influence Decreases 265 | 10 190 65 . Time Decay 251 | 10 176 65 . Lost Part 14 | . 14 . . Squads Dispatched 2 | . 2 . . Investigation 1 | . 1 . . Extermination . | . . . . Reinforcement 1 | . 1 . . Assault . | . . . . Garrison . | . . . . Intercept . | . . . . Searches Triggered . | . . . . Construction Impeded . | . . . . Haulers Reinforced . | . . . . Active Scanning Responses . | . . . . Cargo Convoy Interrupts . | . . . . Stealth | -11 -10 -10 -10 --------- Run | Yrd Mat Min Sub Distress Signals 1 | . 1 . . Communications Jammed . | . . . . Distress Signals . | . . . . Times Spotted 26 | . 16 3 7 Peak Tracking Total 4 | . 4 2 4 Tactical Retreats 3 | . . 1 2 Traps | -11 -10 -10 -10 ------- Run | Yrd Mat Min Sub Traps Triggered 1 | . 1 . . Indirectly . | . . . . Trap Hack Attempts . | . . . . Triggered . | . . . . Disarmed . | . . . . Reprogrammed . | . . . . Reused . | . . . . Traps Extracted . | . . . . Installed . | . . . . Triggered . | . . . . Machines | -11 -10 -10 -10 ---------- Run | Yrd Mat Min Sub Machines Disabled 1 | . 1 . . Max in Single Turn 1 | . 1 . . Machines Repaired . | . . . . Machines Dismantled . | . . . . Machines Sabotaged . | . . . . Overloaded Fab Kills . | . . . . Hacking | -11 -10 -10 -10 --------- Run | Yrd Mat Min Sub Machines Accessed 4 | . 4 . . Terminals 3 | . 3 . . Fabricators . | . . . . Repair Stations . | . . . . Recycling Units 1 | . 1 . . Scanalyzers . | . . . . Garrison Access . | . . . . Total Hacks 11 | . 11 . . Successful 6 | . 6 . . Failed 5 | . 5 . . Catastrophic . | . . . . Database Lockouts . | . . . . Manual 8 | . 8 . . Terminals 10 | . 10 . . Fabricators . | . . . . Repair Stations . | . . . . Recycling Units 1 | . 1 . . Scanalyzers . | . . . . Garrison Access . | . . . . Terminal Hacks 2 | . 2 . . Branch Access Points 1 | . 1 . . Zone Layout 1 | . 1 . . Fabricator Hacks . | . . . . Repair Station Hacks . | . . . . Recycling Unit Hacks . | . . . . Scanalyzer . | . . . . Garrison Access Hacks . | . . . . Unauthorized Hacks 4 | . 4 . . Terminals 3 | . 3 . . Botnet 3 | . 3 . . Fabricators . | . . . . Repair Stations . | . . . . Recycling Units 1 | . 1 . . Tunnel 1 | . 1 . . Scanalyzers . | . . . . Garrison Access . | . . . . Data Cores Recovered . | . . . . Used . | . . . . Hacking Detections 3 | . 3 . . Full Trace Events 2 | . 2 . . Feedback Events . | . . . . Feedback Blocked . | . . . . Robot Schematics Acquired . | . . . . Robots Built . | . . . . Authchips . | . . . . Time . | . . . . Total Robot Build Rating . | . . . . Part Schematics Acquired . | . . . . Parts Built . | . . . . Authchips . | . . . . Time . | . . . . Total Part Build Rating . | . . . . Part Studies Acquired . | . . . . Parts Repaired . | . . . . Time . | . . . . Parts Recycled . | . . . . Recycled Matter . | . . . . Retrieved Matter . | . . . . Retrieved Components . | . . . . Parts Scanalyzed . | . . . . Part Schematics Acquired . | . . . . Parts Damaged . | . . . . Bothacking | -11 -10 -10 -10 ------------ Run | Yrd Mat Min Sub Used RIF Installer . | . . . . Robots Hacked . | . . . . Non-combat . | . . . . Combat . | . . . . Robot Hacks Applied . | . . . . Relay Couplers Released . | . . . . Fabnet Peak Effective % . | . . . . Robots Rewired . | . . . . Allies Hacked . | . . . . Hacks Repelled . | . . . . Allies | -11 -10 -10 -10 -------- Run | Yrd Mat Min Sub Total Allies 1 | . . 1 . Largest Group 1 | . . 1 . Highest-Rated Group 31 | . . 31 . Highest-Rated Ally 31 | . . 31 . Total Orders . | . . . . Ally Attacks . | . . . . Total Damage . | . . . . Kills . | . . . . Allies Corrupted . | . . . . Allies Melted . | . . . . Intel | -11 -10 -10 -10 ------- Run | Yrd Mat Min Sub Active Infowar (turns) . | . . . . Robot Analysis Total . | . . . . Derelict Logs Recovered 1 | . . 1 . Drone Launches . | . . . . Drone Recoveries . | . . . . Exploration | -11 -10 -10 -10 ------------- Run | Yrd Mat Min Sub Turns Passed 3008 | 204 463 1877 464 Spaces Moved 1528 | 115 327 761 325 Core 179 | 1 10 . 168 Treads 1024 | 106 . 761 157 Legs . | . . . . Wheels 325 | 8 317 . . Hover . | . . . . Flight . | . . . . Fastest Speed 50 | 50 95 240 50 Average Speed 185 | 153 111 240 141 Slowest Speed 500 | 160 500 240 240 Overloaded Moves . | . . . . Propulsion Burnouts . | . . . . Robots Hopped . | . . . . Potential Cave-ins . | . . . . Cave-ins Triggered . | . . . . Exploration Rate (%) 41 | 5 47 92 21 Regions Visited 3 Branch Regions 2 Pre-discovered Areas 1 | . 1 . . Known Exits Taken 1 | . 1 . . Unknown Exits Taken 2 | 1 . 1 . Scrap Searched 1 | . . 1 . Spaces Dug . | . . . . Terrain Destroyed 7 | . 7 . . Melee . | . . . . Projectile . | . . . . AOE 7 | . 7 . . Terrain Rammed . | . . . . Walls Destroyed . | . . . . Machines Disabled . | . . . . Actions | -11 -10 -10 -10 --------- Run | Yrd Mat Min Sub Total 1611 | 132 365 788 326 Wait . | . . . . Move 1525 | 114 326 760 325 Hop . | . . . . Pick Up 10 | 7 3 . . Fast Attach 7 | 6 1 . . Attach 4 | . . 4 . Detach . | . . . . Swap 2 | . 1 1 . Drop . | . . . . Fire 56 | 4 34 18 . Melee 6 | . . 5 1 Ram . | . . . . Kick . | . . . . Crush 1 | 1 . . . Escape Stasis . | . . . . Rewire . | . . . . Trap . | . . . . Miscellaneous . | . . . . Route ------- -11/Scrapyard -10/Materials (discovered 2 exits: [*Mat] / *Min) -10/Mines (discovered 3 exits: [*Mat x2] / [*Sub]) -10/Subcaves History --------- Turn | Location | Event 11 | -11/Scrapyard | Discovered new exit (range 16) 205 | -11/Scrapyard | Entered Materials 224 | -10/Materials | Identified exit to Mines 309 | -10/Materials | Build established: Mutant 489 | -10/Materials | Discovered new exit (range 12) 668 | -10/Materials | Entered Mines 695 | -10/Mines | Lost 5 parts (2n1u2w) 795 | -10/Mines | Learned Materials trap positions 894 | -10/Mines | Discovered new exit (range 6) 1213 | -10/Mines | Discovered new exit (range 6) 1332 | -10/Mines | Discovered new exit (range 8) 1659 | -10/Mines | Received a Mining Laser from a helpful Derelict 2129 | -10/Mines | Core integrity fell below 50% 2545 | -10/Mines | Entered Subcaves 2546 | -10/Subcaves | Approached by a straggling Scientist 2925 | -10/Subcaves | Released all parts (5) 2940 | -10/Subcaves | Core integrity fell below 20% 3009 | -10/Subcaves | Destroyed by S-10 Pest with Light Assault Rifle Last Messages --------------- all the Subs lurking out here." 02549_ N0-ZME(c): "Hey, let me tag along and I can get us both out of this nasty situation. At least I think I can... The group I got separated from was talking about a shortcut back to the UFD." 02553_ L0-WPB(u) builds Twisted Machinery. N0-ZME(c): "I think it's somewhere east of here" 02609_ L0-WPB(u) builds Twisted Machinery. 02819_ System corrupted: Matter fused (-10). 02898_ Ion Engine destroyed. 02925_ Released Wheel. 02925_ Released Lrg. Storage Unit. 02925_ Released Lgt. Treads. 02925_ Released Lgt. Assault Rifle. 02925_ Released Mining Claw. 02926_ Subatomizers dissect the Com. Wheel. 02933_ 93NWKQ/FFDSR5JYT VDJUZT|LX8M/2E 02967_ Acquired 6 matter. 02968_ Acquired 9 matter. Map ----- +----------------------------------------------------+ | ?????????????????????????????????????????????????? | | ?????????????????????????????????????????????????? | | ?????????????????????????????????????????????????? | | ?????????????????????????????????????????????????? | | ?????????????????????????????????????????????????? | | ?????????????????????????????????????????????????? | | ?????????????????????????????????????????????????? | | ?????????????????????????????????????????????????? | | ?????????????????????????????????????????????????? | | ?????????????????????????????????????????????????? | | ?????????????????????????????????????#???????????? | | ?????????????????????##????????????? #??????????? | | ???????????????????### #??????????? ??????????? | | ???????????????????? ###??????# #???????????? | | ??????????????????##? ##????# #???????????? | | ??????????????????# ?? ##### #???????????? | | ??????????????????# ??? #????????????? | | ??????????????????# #### ??????????????? | | ???????????????????# # #?????????????????? | | ???????????????????# #??????????????????? | | ???????????????????# ###??????????????????? | | ?????????????????### ##????????????????????? | | ????????????????## ##?????????????????????? | | ????????????????# #??????????????????????? | | ????????????????# # #??????????????????????? | | ????????????????# # @#??????????????????????? | | ????????????????# ## #??????????????????????? | | ????????????????# ## #??????????????????????? | | ????????????????# #### #??????????????????????? | | ????????????????# ##?#s #??????????????????????? | | ????????????????## ###s #??????????????????????? | | ????????????????## #??????????????????????? | | ###????????##?### # ##??????????????????????? | | # ###?????## ## # ######???????????????????????? | | ##????# #????????????????????????????? | | #????## % #????????????????????????????? | | ######## #????????????????????????????? | | ### #######??????????????????????? | | ## #??????????????????????? | | ##### ##??????????????????????? | | # ##???## % ##???????????????????????? | | # ##?????# ##????????????????????????? | | # #??????# " %##????????????????????????? | | # #??????## #????????????????????????? | | ## #???????## #????????????????????????? | | ### ## ##???# #????????????????????????? | | ### #??## #????????????????????????? | | ## #### ##????????????????????????? | | ?## ##### ##?????????????????????????? | | ??# ###### # #?????????????????????????? | +----------------------------------------------------+ Best States ------------- Heat Dissipation 25 Energy Generation 10 Energy Capacity 250 Matter Stores 300 Matter Capacity 300 Sight Range 16 Terrain Scan Density 10 Evasion (%) 50 Recoil Reduction 1 Item Schematics ----------------- None Robot Schematics ------------------ None Fabricated ------------ Nothing Repaired ---------- Nothing Studied --------- None Alien Tech Used ----------------- None Achievements -------------- None Challenges ------------ None Game ------ Seed MachineSkeletonStabilizer Manual? 0 Play Time 00:10:49 Cumulative 339.3 hours Start 2025.11.01 @ 23:45:45 End 2025.11.01 @ 23:54:56 Sessions 1 Manual Loads 0 Difficulty Rogue Special Mode None Game No. 299 Rogue 299 Adventurer 0 Explorer 0 Win Type - Total 2 Types 1/1/0/0/0/0/0/0/0/0 Lore% 80 Gallery% 80 Achievement% 52 Wizard Run 0 Options --------- Layout 1 ASCII 0 Keyboard 0 Movement Arrows Keybinds 0 Fullscreen 1 Font 24/Smallcaps Map View 50x35 Zoom Use 0% Tactical HUD 1 Map Filters NONE Filters NONE Steam X RUN: a0ca4daf-b55b-4683-9c69-3e0d212f7f52